Map: Distant Plane

Players

JohnMcClane - Winner!

  • Race: Protoss Protoss
  • League: Gold

Hindulaatti - Winner!

  • Race: Zerg Zerg

FloPP

  • Race: Terran Terran

hydro

  • Race: Zerg Zerg

VOD

Have the link to the VOD?

Description

Time

  • Played on: Feb. 4, 2016, 1:13 p.m.
  • Length: 6:54
Show
View Real Time Build Order
Export as new Build Order

JohnMcClane Protoss - Winner!

Build Orders: 1 Gate Expand, Oracle Opening 

Get SALT Encoding   

  12  0:01  Probe (Chrono Boost)  
  13  0:11  Probe (Chrono Boost)  
  14  0:21  Pylon  
  14  0:22  Probe (Chrono Boost)  
  15  0:40  Gateway  
  15  0:43  Probe (Chrono Boost)  
  15  0:48  Assimilator  
  16  0:53  Probe (Chrono Boost)  
  18  1:04  Probe (Chrono Boost)  
  18  1:14  Probe (Chrono Boost)  
  19  1:25  Probe (Chrono Boost), Nexus  
  20  1:36  Cybernetics Core  
  20  1:42  Probe (Chrono Boost)  
  21  1:59  Probe (Chrono Boost)  
  22  2:03  Assimilator  
  21  2:17  Mothership Core (Chrono Boost)  
  21  2:22  Pylon  
  23  2:35  Pylon  
  23  2:37  Probe (Chrono Boost)  
  23  2:39  Pylon  
  23  2:43  Probe (Chrono Boost)  
  25  2:48  Probe (Chrono Boost)  
  26  2:56  Probe (Chrono Boost), Warp Gate (Chrono Boost)  
  26  2:58  Probe (Chrono Boost)  
  28  3:01  Pylon  
  28  3:05  Probe  
  28  3:08  Stargate  
  29  3:13  Probe  
  29  3:16  Probe  
  29  3:19  Assimilator  
  31  3:25  Probe  
  31  3:26  Probe  
  33  3:37  Probe x2  
  35  3:47  Gateway  
  35  3:48  Gateway  
  35  3:51  Oracle (Chrono Boost)  
  38  3:56  Probe  
  38  4:00  Probe  
  40  4:08  Probe  
  41  4:10  Gateway  
  41  4:12  Gateway  
  41  4:39  Pylon  
  41  4:56  Void Ray (Chrono Boost)  
  45  5:03  Gateway  
  45  5:07  Stalker x5  
  55  5:35  Pylon  
  55  5:38  Void Ray, Stalker  
  55  5:39  Stalker  
  63  5:47  Pylon  
  63  5:50  Stalker x3  
  69  6:17  Stalker x2  
  69  6:18  Stalker x4  
  70  6:49  Stalker x4  
Show
View Real Time Build Order
Export as new Build Order

Hindulaatti Zerg - Winner!

Build Orders: Hatch First 

Get SALT Encoding   

  12  0:01  Drone  
  13  0:10  Drone  
  14  0:20  Extractor  
  13  0:22  Drone  
  13  0:23  Drone, Extractor  
  16  0:29  Overlord  
  16  0:53  Hatchery  
  15  0:58  Drone  
  15  1:00  Drone  
  17  1:15  Drone  
  17  1:16  Drone  
  19  1:24  Spawning Pool  
  18  1:32  Extractor  
  17  1:33  Drone x2  
  19  1:48  Drone  
  20  1:56  Drone  
  21  2:09  Drone x2  
  21  2:12  Queen  
  25  2:19  Overlord  
  25  2:23  Hatchery  
  25  2:26  Zergling x2  
  25  2:27  Zergling x2  
  26  2:37  Zergling x4  
  28  2:46  Drone x2  
  29  2:51  Queen  
  29  2:57  Metabolic Boost  
  31  3:05  Queen  
  31  3:09  Overlord  
  33  3:16  Drone  
  33  3:17  Drone  
  35  3:28  Queen  
  35  3:30  Drone  
  35  3:31  Drone  
  39  3:40  Drone x3, Extractor  
  41  3:53  Drone  
  41  3:54  Drone x4  
  41  3:55  Drone  
  47  4:01  Overlord  
  47  4:17  Roach Warren  
  47  4:19  Drone x2, Baneling Nest  
  47  4:20  Drone x3  
  47  4:22  Overlord  
  50  4:38  Zergling x2  
  50  4:39  Zergling x14  
  58  4:49  Drone x5  
  58  4:50  Drone  
  64  4:57  Zergling x4  
  64  4:58  Overlord x2  
  65  5:03  Lair  
  62  5:14  Baneling  
  62  5:15  Baneling x8  
  62  5:16  Zergling x10  
  67  5:21  Extractor  
  67  5:22  Extractor  
  67  5:27  Zergling x2  
  67  5:28  Zergling x12  
  72  5:38  Zergling x10  
  72  5:39  Zergling x6  
  72  5:42  Baneling x2  
  80  5:43  Baneling x5  
  80  5:47  Overlord  
  66  6:07  Spore Crawler x2  
  66  6:09  Spore Crawler  
  66  6:10  Drone  
  66  6:11  Drone x4, Spore Crawler  
  52  6:24  Zergling x8  
  52  6:25  Zergling x10  
Show
View Real Time Build Order
Export as new Build Order

FloPP Terran 

Build Orders:  

Get SALT Encoding   

  12  0:00  SCV  
  13  0:13  SCV  
  14  0:25  SCV  
  14  0:27  Supply Depot  
  15  0:37  Refinery  
  15  0:48  SCV  
  15  0:49  Barracks  
  16  1:00  SCV  
  17  1:12  SCV  
  18  1:22  Supply Depot  
  18  1:24  SCV  
  19  1:37  Orbital Command  
  19  1:38  Barracks  
  19  1:39  Reaper  
  20  1:47  Bunker  
  20  2:03  SCV  
  20  2:06  Refinery  
  21  2:17  Marine  
  22  2:26  Command Center  
  22  2:29  Marine  
  23  2:34  SCV  
  24  2:43  Marine  
  24  3:00  Factory  
  24  3:03  Engineering Bay  
  24  3:04  Supply Depot, SCV  
  25  3:15  Barracks Tech Lab  
  25  3:18  Barracks Reactor  
  25  3:22  SCV  
  26  3:29  Terran Infantry Weapons Level 1  
  26  3:34  SCV  
  26  3:35  Missile Turret  
  27  3:44  Supply Depot  
  27  3:46  SCV  
  27  3:47  Marine  
  29  3:50  SCV  
  29  3:54  Factory Reactor  
  30  3:59  SCV  
  30  4:02  SCV  
  32  4:03  Missile Turret  
  32  4:15  Combat Shields  
  32  4:16  Missile Turret, Marine  
  33  4:21  Marauder  
  33  4:24  SCV  
  36  4:27  SCV  
  37  4:35  Widow Mine x2  
  41  4:44  Marine  
  43  4:46  Marine x2  
  43  4:48  Orbital Command  
  44  4:55  Missile Turret  
  44  5:02  Marine  
  44  5:04  Marine  
  46  5:14  Marine  
  46  5:15  Widow Mine x2  
  51  5:36  Starport  
  51  5:42  Armory  
  51  5:43  SCV x2  
  51  5:44  Barracks x2  
  53  5:55  SCV x2  
  55  5:59  Supply Depot  
  54  6:07  SCV  
  54  6:08  Marine  
  54  6:09  Marine  
  37  6:21  Supply Depot  
  34  6:25  SCV  
  33  6:38  SCV  
Show
View Real Time Build Order
Export as new Build Order

hydro Zerg 

Build Orders: Hatch First 

Get SALT Encoding   

  12  0:01  Drone  
  13  0:12  Overlord  
  13  0:17  Drone  
  14  0:30  Drone x2  
  16  0:40  Drone  
  17  0:45  Drone  
  18  1:03  Drone  
  19  1:06  Hatchery  
  18  1:16  Extractor  
  18  1:17  Drone, Spawning Pool  
  17  1:28  Drone  
  17  1:29  Drone  
  19  1:43  Drone  
  20  1:50  Overlord  
  20  2:03  Queen  
  20  2:05  Overlord  
  22  2:16  Extractor  
  22  2:18  Queen  
  22  2:19  Drone x2  
  25  2:27  Drone  
  27  2:30  Drone  
  27  2:32  Drone  
  28  2:41  Hatchery  
  28  2:44  Drone  
  28  2:51  Lair  
  28  2:58  Metabolic Boost  
  28  3:01  Drone  
  28  3:04  Drone  
  30  3:07  Drone  
  30  3:10  Drone  
  32  3:13  Drone  
  32  3:16  Drone  
  32  3:18  Drone  
  35  3:22  Drone  
  35  3:23  Drone  
  37  3:27  Drone  
  37  3:34  Overlord  
  38  3:36  Extractor  
  38  3:41  Drone x3  
  40  3:50  Spire  
  39  4:01  Drone, Queen  
  42  4:04  Overlord  
  42  4:07  Extractor  
  41  4:23  Drone x2  
  43  4:26  Spine Crawler  
  34  4:54  Drone x3  
  34  4:55  Drone x3  
  38  5:01  Zergling x8  
  40  5:08  Mutalisk  
  40  5:09  Mutalisk x5  
  52  5:14  Mutalisk  
  52  5:20  Drone x2  
  56  5:23  Drone  
  57  5:29  Drone x2  
  57  5:30  Drone  
  60  5:39  Mutalisk  
  60  5:40  Overlord  
  62  6:03  Mutalisk x2  
  62  6:04  Mutalisk x2  
  64  6:10  Zergling x4  
  60  6:21  Zergling x2  
  60  6:22  Zergling x12  
  65  6:32  Zergling x6  
Tags
 
Add a new tag
Caveats
  • Supply blocks, unpowered buildings, or Contaminate may cause inaccurate times.
  • Supply counts are checked every 10 seconds.